 Dungeon Crawl Stone Soup version 0.25.0-9-g26727b657a (webtiles) character file.

Game seed: 9056444229197540079

20 Esekla the Grasshopper (level 2, 0/16 HPs)
             Began as a Deep Elf Warper on June 20, 2020.
             Succumbed to an adder's poison
             ... on level 2 of the Dungeon.
             The game lasted 00:04:39 (729 turns).

Esekla the Grasshopper (Deep Elf Warper)             Turns: 729, Time: 00:04:39

Health: 0/16       AC:  0    Str:  8    XL:     2   Next: 58%
Magic:  5/8        EV: 13    Int: 17    God:
Gold:   22         SH:  0    Dex: 14    Spells: 3/7 levels left

rFire    . . .     SeeInvis .   a - +0 falchion
rCold    . . .     Gourm    .   (no shield)
rNeg     . . .     Faith    .   (no armour)
rPois    .         Spirit   .   (no helmet)
rElec    .         Reflect  .   (no cloak)
rCorr    .         Harm     .   (no gloves)
MR       .....                  (no boots)
Stlth    +.........             (no amulet)
HPRegen  0.05/turn              (no ring)
MPRegen  0.11/turn              (no ring)

@: lethally poisoned (0 -> -7), shrouded
A: no striking features
a: no special abilities


You were on level 2 of the Dungeon.
You were not hungry.

You visited 1 branch of the dungeon, and saw 2 of its levels.

You collected 22 gold pieces.

Inventory:

Hand Weapons
 a - a +0 falchion (weapon)
Missiles
 e - a boomerang of dispersal (quivered)
Scrolls
 b - a scroll of fear {unknown}
 d - a scroll of blinking
Potions
 c - a potion of haste {unknown}
Comestibles
 f - a ration


   Skills:
 - Level 1.5 Fighting
 * Level 2.3 Long Blades
 + Level 1.0 Throwing
 - Level 0.7 Armour
 * Level 3.0 Dodging
 - Level 3.1 Spellcasting
 + Level 3.3 Translocations


You had 3 spell levels left.
You knew the following spells:

 Your Spells              Type           Power        Failure   Level  Hunger
a - Shroud of Golubria    Chrm/Tloc      #.....       13%         2    ##.....
b - Blink                 Tloc           N/A          7%          2    ##.....

Your spell library contained the following spells:

 Spells                   Type           Power        Failure   Level  Hunger
 Gell's Gravitas          Tloc           ##........   13%         3    ###....
 Lesser Beckoning         Tloc           ##........   13%         3    ###....
 Teleport Other           Tloc           ##......     13%         3    ###....
 Passage of Golubria      Tloc           N/A          41%         4    ####...


Dungeon Overview and Level Annotations

Branches:
Dungeon (2/15)

Altars:


Message History

Space distorts slightly along a thin shroud covering your body.
The adder closely misses you.
You completely miss the adder.
The adder is heavily wounded.
The adder closely misses you.
You riposte.
You barely miss the adder.
The adder is heavily wounded.
The adder barely misses you.
You riposte.
You miss the adder.
The adder is heavily wounded.
You barely miss the adder.
The adder is heavily wounded.
Your shroud bends the adder's attack away.
You hit the adder.
The adder is severely wounded.
The adder bites you.
* * * LOW HITPOINT WARNING * * *
You are lethally poisoned!
The adder poisons you! The adder closely misses you.
You barely miss the adder.
The adder is severely wounded.
You die...

######### ##
#..<....# ..
#.#.###.# .#
#...# #.# .#
#######.##.###...
#...>.......
#..#@###.#.
#..#S# #..#..
...#..# #.###...
.# #..#. .# #..#.
#..# #


You could see an adder.

Vanquished Creatures
  A dart slug (D:1)
  A leopard gecko (D:1)
  A ball python (D:1)
  3 bats (D:1)
  A giant cockroach (D:1)
  A goblin (D:1)
  2 hobgoblins (D:1)
  3 kobolds (D:1)
  2 frilled lizards (D:1)
15 creatures vanquished.

Notes
Turn   | Place    | Note
-------+----------+-------------------------------------------
     0 | D:1      | Esekla the Deep Elf Warper began the quest for the Orb.
     0 | D:1      | Reached XP level 1. HP: 12/12 MP: 6/6
   269 | D:1      | Reached XP level 2. HP: 15/16 MP: 8/8
   282 | D:1      | Learned a level 2 spell: Shroud of Golubria
   285 | D:1      | Learned a level 2 spell: Blink
   729 | D:2      | Succumbed to an adder's poison

Illustrated notes

Levels and vault maps discovered:
D:1:      wander_arrival_desolate, layout_loops_cross, minmay_unequal
D:2:      layout_basic, marbit_many_paths, nicolae_overflow_crystal_walls,
          first_ration, minmay_statues_item, dk_noncrumbling_2,
          minmay_indecisive_spiral

Skill      XL: |  1  2 |
---------------+-------+-----
Long Blades    | 2 |  2.3
Dodging        | 3 |  3.0
Fighting       | |  1.5
Throwing       | |  1.0
Armour         | |  0.7
Spellcasting   | |  3.1
Translocations | |  3.3

Action                   || total
-------------------------++-------
Melee: Falchion          ||    59
Throw: Boomerang         ||     4
 Cast: Shroud of Golubri ||     9
Dodge: Dodged            ||    60
       Rpst.: Falchion   ||    21
